 Dungeon Crawl Stone Soup version 0.31.0-32-g396128a36d (webtiles) character file.

Game seed: 9666465324158751816

691 safid the Ruffian (level 7, -1/56 HPs)
             Began as a White Draconian Shapeshifter on Mar 14, 2024.
             Slain by a ribbon worm (3 damage)
             ... in a sewer.
             The game lasted 00:04:26 (2211 turns).

safid the Ruffian (White Draconian Shapeshifter)    Turns: 2211, Time: 00:04:27

Health: -1/56      AC:  6    Str: 24    XL:     7   Next: 36%
Magic:  7/7        EV: 12    Int: 10    God:
Gold:   43         SH:  0    Dex: 11    Spells: 6/6 levels left

rFire   . .          .
                       - Unarmed
rCold   + . .        (no shield)
rNeg    . . .        (body armour unavailable)
rPois   .            (helmet currently unavailable)
rElec   .            (cloak currently unavailable)
rCorr   .            (gloves currently unavailable)
SInv    .            (boots currently unavailable)
Will    .....        (no amulet)
Stlth   +            f - +6 ring of strength
HPRegen 0.29/turn    (no ring)
MPRegen 0.10/turn

%: no passive effects
@: mighty, beast-form, invisible, very slow
A: beast (slay +3), breathe frost, AC +6, unfitting armour, cold resistance 1,
cold-blooded
a: Breathe Frost, Begin Untransformation


You were in a sewer.
You were a hulking beast.
You visited 2 branches of the dungeon, and saw 4 of its levels.
You also visited: Sewer.

You collected 43 gold pieces.

Inventory:

Missiles
 o - 2 curare-tipped darts (quivered)
Jewellery
 f - a +6 ring of strength (left hand)
 l - a ring of resist corrosion
Talismans
 b - a beast talisman
 c - a flux talisman
Scrolls
 a - 2 scrolls of fog {unknown}
 d - a scroll of enchant weapon {unknown}
 e - a scroll of blinking {unknown}
 i - a scroll of teleportation {unknown}
 j - a scroll of revelation {unknown}
 k - a scroll of noise {unknown}
Potions
 g - a potion of heal wounds {unknown}
 m - a potion of haste


   Skills:
 + Level 2.6 Fighting
 - Level 2.0 Dodging
 + Level 6.7 Unarmed Combat
 * Level 5.2 Shapeshifting


You had 6 spell levels left.
You didn't know any spells.
Your spell library was empty.

Dungeon Overview and Level Annotations

Branches:
Dungeon (4/15)             Temple (1/1) D:4           Sewer (1/1)

Altars:
Ashenzari
Cheibriados
Kikubaaqudgha
Makhleb
Qazlal
Uskayaw
Xom
The Shining One


Innate Abilities, Weirdness & Mutations

You are a hulking beast.
Your limbs bulge with bestial killing power. (Slay +3)
You can breathe waves of freezing cold which knock back foes.
Your icy white scales are hard. (AC +6)
You cannot fit into any form of body armour.
Your flesh is cold resistant. (rC+)
You are cold-blooded and may be slowed by cold attacks.


Message History

You feel sick.
The kobold brigand hits you with a +0 dagger.
You barely miss the kobold brigand.
You feel sick. The kobold brigand barely misses you.
The ribbon worm barely misses you.
You closely miss the kobold brigand.
You feel sick.
The kobold brigand hits you with a +0 dagger!
* * * LOW HITPOINT WARNING * * *
The ribbon worm closely misses you.
Unknown command.
You hit the kobold brigand.
The kobold brigand is lightly wounded.
You feel sick. The kobold brigand closely misses you.
The kobold brigand splashes around in the water.
The ribbon worm splashes around in the water.
Your unstable footing causes you to fumble your attack.
You feel sick.
The kobold brigand hits you with a +0 dagger.
* * * LOW HITPOINT WARNING * * *
The ribbon worm bites you.
* * * LOW HITPOINT WARNING * * *
Unknown command.
It was a potion of might.
You feel very mighty all of a sudden.
You feel sick.
You are no longer poisoned.
The kobold brigand splashes around in the water.
The ribbon worm expels a string of sticky webbing.
The stream of webbing misses you.
Okay, then.
Unknown command.
Your unstable footing causes you to fumble your attack.
The kobold brigand hits you but does no damage.
The ribbon worm bites you but does no damage.
The kobold brigand hits you with a +0 dagger.
* * * LOW HITPOINT WARNING * * *
It was a potion of invisibility.
You fade into invisibility!
You feel yourself speed up.
The kobold brigand hits you but does no damage.
The ribbon worm bites you.
You die...

##.~~# #~~~.# #######
..~~~# #####~)~~.#
....########~~~~~#####
~.####...~~.~###.)~~.#
~## #~.~~~~~~# #######
~####.~~.~.~~###~~~w.#
.~##~~..####~.~~w#####
~.~~~~.## #####hK~~.#
....~~## #######
..~.~~# .~~~~~#
.~..~~# ...~~.##
####### ....~..##
#####†~~~.#
~~##...~####~~~~~#####
.####~~..~~~.###~~~~.#


You could see a kobold brigand and a ribbon worm (catching breath).

Vanquished Creatures
  A sky beast (D:4)
  4 kobold brigands (Sewer)
  4 wights (D:4)
  5 adders
  3 river rats (Sewer)
  2 ribbon worms (Sewer)
  6 endoplasms
  4 giant cockroaches
  3 goblins (D:1)
  2 hobgoblins (D:1)
  12 jackals
  5 kobolds (Sewer)
  A quokka (D:1)
  8 ball pythons
  5 bats (D:1)
  A frilled lizard (D:1)
  3 rats
69 creatures vanquished.

Notes
Turn   | Place    | Note
-------+----------+-------------------------------------------
     0 | D:1      | safid the Draconian Shapeshifter began the quest for the
                  | Orb.
     0 | D:1      | Reached XP level 1. HP: 16/16 MP: 1/1
   269 | D:1      | Reached XP level 2. HP: 21/23 MP: 2/2
   866 | D:1      | Reached XP level 3. HP: 22/28 MP: 3/3
  1177 | D:2      | You fall into a shaft and drop 2 floors!
  1185 | D:4      | Noticed a wight
  1186 | D:4      | Noticed a wight
  1186 | D:4      | Noticed a wight
  1194 | D:4      | Killed a wight
  1195 | D:4      | Reached XP level 4. HP: 35/35 MP: 4/4
  1202 | D:4      | Reached skill level 4 in Unarmed Combat
  1202 | D:4      | Reached XP level 5. HP: 41/41 MP: 5/5
  1231 | D:4      | Found a staircase to the Ecumenical Temple.
  1237 | Temple   | Entered the Ecumenical Temple
  1252 | D:4      | Found a glowing drain.
  1264 | D:4      | Noticed a sky beast
  1276 | D:4      | Reached skill level 5 in Unarmed Combat
  1278 | D:4      | Reached XP level 6. HP: 48/48 MP: 6/6
  1290 | D:4      | Killed a sky beast
  1302 | Sewer    | Entered a sewer
  1446 | Sewer    | Reached skill level 5 in Shapeshifting
  1771 | Sewer    | Reached skill level 6 in Unarmed Combat
  1863 | Sewer    | Your scales start taking on an icy white colour.
  1863 | Sewer    | Reached XP level 7. HP: 26/56 MP: 7/7
  1863 | Sewer    | Gained mutation: Your flesh is cold resistant. (rC+) [White
                  | Draconian growth]
  2210 | Sewer    | HP: 2/56 [kobold brigand/+0 dagger (2)]
  2211 | Sewer    | Slain by a ribbon worm

Illustrated notes

Levels and vault maps discovered:
D:1:      dpeg_chamrin_arrival_tetris, layout_basic
D:2:      layout_rooms, serial_shops, nicolae_shop_overgrown_old_shop,
          grunt_decor_fettered, kennysheep_generic_room_13
D:4:      layout_basic, kennysheep_mini_moat, kennysheep_orc_sif_temple,
          minmay_temple_entry_hall, gup_sewer_entry_glass, nicolae_goblin_pals
Temple:   hellmonk_temple_beads
Sewer:    sewer_co_tree

Skill      XL: |  1  2  3  4  5  6 |
---------------+-------------------+-----
Dodging        | 2 |  2.0
Shapeshifting  | 4 5 |  5.2
Unarmed Combat | 4 5 6 |  6.7
Fighting       | 2 |  2.6

Action                     |  1- 3 |  4- 6 |  7- 9 || total
---------------------------+-------+-------+-------++-------
  Melee: Unarmed           |    81 |   108 |    40 ||   229
         Tailslap          |    10 |     5 |     3 ||    18
         Punch             |     1 |     1 |     1 ||     3
    Use: Potion            |     1 |       |     3 ||     4
 Armour: Skin              |    48 |    55 |    26 ||   129
  Dodge: Dodged            |    42 |    51 |    17 ||   110
